Lye, chaotic female elven Wizard --------------- |.............|######## #..............-# -|-------- ###-------.-.-----# ......%.)| # # ####### # |.......{| ### ##### ## |<....._..######### ------ --------- # # # # |)).)....| # |.....| |.......| # #### ### ------|--- ##.......#### |.......| # # # # ## # |.>...| # |.......| ------- [ #### ### # ########......| ##........| |%?)%=! [ -|-|-- # # ## # # ------- --------- |%>)(?/. f |....| #)# ---.--.-### ### |%(/%)%.|) |....| # |......-* # |=([([!.@@ |....-###)# |......| ### |?%*???%| ------ |.{....| # -------- |.....>.### -------- Lye the Conjurer Experience level: 5 Strength: 11 Dexterity: 10 Constitution: 16 Intelligence: 20 Wisdom: 8 Charisma: 10 Health: 0(38) Energy: 39(49) Def: 2 Gold: 0 Moves: 2435 Dungeon seed: 6lzgnm20lg8kyhbx Game ID: Lye_1512572250 Your Inventory: Weapons a - a blessed +1 quarterstaff f - an uncursed +0 silver dagger k - 2 uncursed +0 darts p - 11 blessed +5 darts L - the uncursed fireproof +0 Magicbane (weapon in hands) Armor e - an uncursed +0 cloak of magic resistance y - an uncursed +0 cloak of invisibility (being worn) F - an uncursed +0 studded leather armor Y - an uncursed +0 orcish helm (being worn) Comestibles l - an uncursed slime mold r - an uncursed food ration z - an uncursed lembas wafer H - an uncursed partly eaten huge chunk of meat Scrolls m - an uncursed scroll of enchant armor q - an uncursed scroll of teleportation Potions o - a potion of holy water Rings w - an uncursed ring of free action (on left hand) Wands b - an uncursed wand of striking (0:8) g - a blessed wand of create monster (0:8) v - an uncursed wand of create monster (0:0) Tools h - an uncursed blindfold i - an uncursed leather drum s - an uncursed wax candle (0:400) E - an uncursed bag of tricks (0:0) Gems n - an uncursed amber stone M - an uncursed worthless piece of black glass N - an uncursed worthless piece of orange glass Spells and supernatural/magical abilities: Spells marked with '*' are forgotten. Spells marked with '!' are maintained. Spells marked with '#' are aliased with 'castalias'. Name Level Category Fail Memory a - force bolt 1 attack 0% 96% m - magic missile 2 attack 0% 96% z - sleep 1 enchantment 0% 96% S - stone to flesh 3 healing 55% 96% W - pray for help -- divine ? -- Your skills at the end: Fighting Skills wands [Basic] Weapon Skills quarterstaff [Basic] Spellcasting Skills attack spells [Basic] enchantment spells [Basic] Final Attributes: You were sleep resistant. You were magic resistant. You saw invisible. You had infravision. You were invisible. You had free action. You got a gift from your god 861 turns ago. You are dead. Vanquished creatures: a rock mole a gnome lord a giant bat a monkey a wererat 2 acid blobs a gas spore a hobbit a large kobold a hobgoblin 3 giant rats a brown mold 4 yellow molds a green mold a gnome 2 garter snakes a gnome zombie 3 geckos 12 jackals 5 foxes 6 kobolds 4 goblins 3 sewer rats 11 grid bugs 2 bats 8 lichens a kobold zombie 7 newts 86 creatures vanquished. Voluntary challenges: You used a wielded weapon 38 times, starting on turn 66. You read items or engraved 7 times, starting on turn 9. You never genocided any monsters. You never polymorphed an object. You never changed form. You used no wishes. You never split a pudding. You never wrote Elbereth's name. You violated your moral code, losing 1 point of alignment, starting on turn 2395. Dungeon overview: The Dungeons of Doom: levels 1 to 3 Level 1 some fountains a long staircase Level 2 an altar to Anhur, some fountains Level 3 <- You were here a general store, an altar to Anhur, some fountains a long staircase History has recorded: On T:1 you entered the Dungeons of Doom to retrieve the Amulet of Yendor! On T:362 you advanced to experience level 2. On T:465 you reached level 2 of The Dungeons of Doom. On T:800 you advanced to experience level 3. On T:1090 you advanced to experience level 4. On T:1574 you received Magicbane from Anhur. On T:1611 you reached level 3 of The Dungeons of Doom. On T:2186 you advanced to experience level 5. Score breakdown: Gold: 0 ( 0 points) Experience: 5 levels (11141 points) Exploration: 3 levels ( 6.00%) ( 6060 points) Discoveries: 5 items ( 1.75%) ( 3966 points) Valuables value: (no points given unless you survive) Artifact value: 3500 (12056 points) Variety of kills: 28 monsters ( 7.37%) ( 8143 points) Turncount: 2435 turns ( -291 points) Survival: died (score multiplied by 80%) Total score: 32860 Latest messages: You are now wearing a cloak of magic resistance. The large cat drops an iron skull cap. The large kobold throws a dart! You are almost hit by a dart. The force bolt hits the large kobold! The large kobold is killed! You start equipping your cloak of invisibility. You take off your cloak of magic resistance. Gee! All of a sudden, you can see right through yourself. You are now wearing a cloak of invisibility. The sleep ray hits Sipaliwini! Sipaliwini resists! Sipaliwini misses the large cat. (2x) The sleep ray hits Sipaliwini! Sipaliwini resists! The sleep ray bounces! Sipaliwini hits! (4x) You die... Sipaliwini takes all your possessions. Final status: Goodbye Lye the Wizard, killed by a Ms. Sipaliwini, the shopkeeper... You died in The Dungeons of Doom on dungeon level 3 with 32860 points, and 0 pieces of gold, after 2435 moves. You were level 5 with a maximum of 38 hit points when you died.